 Dungeon Crawl Stone Soup version 0.31-a0-246-g8cbcc1cb85 (webtiles) character file.

Game seed: 13070710452070245660

340 rabbitsville the Trooper (level 6, -3/57 HPs)
             Began as a Hill Orc Fighter on July 13, 2023.
             Was a Believer of Qazlal.
             Slain by a gnoll sergeant
             ... wielding a +3 trident of protection
              (4 damage)
             ... on level 3 of the Dungeon.
             The game lasted 00:06:40 (2647 turns).

rabbitsville the Trooper (Hill Orc Fighter)         Turns: 2647, Time: 00:06:41

Health: -3/57      AC: 13    Str: 19    XL:     6   Next: 56%
Magic:  6/6        EV:  7    Int: 10    God:    Qazlal [**....]
Gold:   184        SH:  7    Dex: 10    Spells: 5/5 levels left

rFire   . . .        a - +0 flail
rCold   . . .        c - +0 buckler
rNeg    . . .        j - +0 chain mail
rPois   .            o - +2 helmet
rElec   .            (no cloak)
rCorr   .            m - +0 pair of gloves
SInv    .            (no boots)
Will    .....        u - amulet of faith Stlth
                     (no ring)
HPRegen 0.29/turn    (no ring)
MPRegen 0.10/turn

%: faith
@: mighty, brilliant
A: no striking features
a: Renounce Religion, Upheaval


You were on level 3 of the Dungeon.
You worshipped Qazlal.
Qazlal was pleased with you.
You visited 1 branch of the dungeon, and saw 3 of its levels.

You collected 184 gold pieces.

Inventory:

Hand Weapons
 a - a +0 flail (weapon)
Missiles
 h - 5 silver javelins (quivered)
Armour
 b - a +0 scale mail
 c - a +0 buckler (worn)
 j - a +0 chain mail (worn)
 m - a +0 pair of gloves (worn)
 o - a +2 helmet (worn)
Jewellery
 t - a ring of ice
 u - an amulet of faith (around neck)
Wands
 l - a wand of charming (3)
Scrolls
 f - 4 scrolls of identify {unknown}
 g - 3 scrolls of vulnerability {unknown}
 k - a scroll of revelation {unknown}
 n - a scroll of teleportation {unknown}
 s - a scroll of enchant weapon {unknown}
Potions
 d - 2 potions of might
 e - a potion of brilliance
 i - a potion of lignification {unknown}
 p - 3 potions of magic {unknown}
 q - a potion of curing {unknown}
 r - a potion of attraction {unknown}


   Skills:
 * Level 6.1 Fighting
 * Level 4.9 Maces & Flails
 - Level 3.2 Armour
 - Level 4.5 Shields
 + Level 0.2 Invocations


You had 5 spell levels left.
You didn't know any spells.
Your spell library was empty.

Dungeon Overview and Level Annotations

Branches:
Dungeon (3/15)

Altars:
Qazlal


Message History

You block the gnoll's attack.
You hit the gnoll but do no damage.
The gnoll is almost dead.
You block the gnoll sergeant's attack. The gnoll hits you with a +0 spear.
You hit the gnoll.
You kill the gnoll!
Qazlal accepts your kill.
The gnoll sergeant hits you but does no damage.
You block the gnoll sergeant's attack.
You see here a +0 spear.
You hit the gnoll sergeant but do no damage.
The gnoll sergeant hits you with a +3 trident of protection!
You block the gnoll sergeant's attack.
You closely miss the gnoll sergeant.
The gnoll sergeant hits you with a +3 trident of protection!
You barely miss the gnoll sergeant.
The gnoll sergeant hits you but does no damage.
You closely miss the gnoll sergeant. You block the gnoll sergeant's attack.
You hit the gnoll sergeant.
The gnoll sergeant is lightly wounded.
The gnoll sergeant closely misses you.
You barely miss the gnoll sergeant.
The gnoll sergeant is lightly wounded.
The gnoll sergeant hits you with a +3 trident of protection.
* * * LOW HITPOINT WARNING * * *
The gnoll sergeant barely misses you.
You hit the gnoll sergeant but do no damage.
The gnoll sergeant is lightly wounded.
You block the gnoll sergeant's attack.
You feel very mighty all of a sudden.
The gnoll sergeant hits you with a +3 trident of protection!
* * * LOW HITPOINT WARNING * * *
You hit the gnoll sergeant but do no damage.
The gnoll sergeant is lightly wounded.
The gnoll sergeant hits you with a +3 trident of protection!
* * * LOW HITPOINT WARNING * * *
It was a potion of brilliance.
You feel clever all of a sudden.
The gnoll sergeant hits you with a +3 trident of protection.
You die...

...########.............####
..).........................
.#.########.............#####
.#.# #.................. ...#
##########......... .###
#......... .# ##.####### .#
##########.# .# #...g@)....#
## #.########## #.....#
#.....# ..g...# #...g..#
#......# #......# #......#


You could see a gnoll sergeant.

Vanquished Creatures
  Sigmund (D:2)
  Jessica (D:2)
  A sleepcap (D:2)
  Robin (D:3)
  4 gnolls
  An adder (D:2)
  2 worms (D:2)
  3 dart slugs (D:1)
  5 endoplasms
  12 goblins
  6 hobgoblins
  4 kobolds
  A quokka (D:2)
  A ball python (D:1)
  5 bats
  A frilled lizard (D:2)
  3 rats
52 creatures vanquished.

Notes
Turn   | Place    | Note
-------+----------+-------------------------------------------
     0 | D:1      | rabbitsville the Hill Orc Fighter began the quest for the
                  | Orb.
     0 | D:1      | Reached XP level 1. HP: 19/19 MP: 1/1
   191 | D:1      | Reached XP level 2. HP: 27/27 MP: 2/2
   257 | D:1      | Reached skill level 4 in Fighting
   299 | D:1      | Found a faded altar of an unknown god.
   315 | D:1      | Prayed at the altar of an unknown god.
   315 | D:1      | Became a worshipper of Qazlal Stormbringer
   315 | D:1      | Reached * piety under Qazlal
   382 | D:1      | Reached XP level 3. HP: 33/33 MP: 3/3
  1348 | D:2      | Noticed Jessica
  1361 | D:2      | Killed Jessica
  1362 | D:2      | Reached XP level 4. HP: 15/41 MP: 4/4
  1595 | D:2      | Noticed Sigmund
  1613 | D:2      | Killed Sigmund
  1614 | D:2      | Reached skill level 5 in Fighting
  1614 | D:2      | Reached XP level 5. HP: 27/50 MP: 5/5
  1614 | D:2      | Reached XP level 6. HP: 30/57 MP: 6/6
  1877 | D:2      | Reached ** piety under Qazlal
  2235 | D:3      | Noticed Robin
  2253 | D:3      | Killed Robin
  2254 | D:3      | Reached skill level 6 in Fighting
  2646 | D:3      | HP: 1/57 [gnoll sergeant/+3 trident of protection (7)]
  2647 | D:3      | Slain by a gnoll sergeant

Illustrated notes

Levels and vault maps discovered:
D:1:      wander_arrival_lonely_grave, layout_loops_ring,
          hellmonk_ecumenical_altar_zigzags, serial_aquarium,
          aquarium_bridge_island_small [aquarium_subvault_small_open,
          aquarium_subvault_bridge, aquarium_subvault_wall,
          aquarium_subvault_wall, aquarium_subvault_bridge],
          aquarium_bridge_square [aquarium_subvault_window,
          aquarium_subvault_balcony, aquarium_subvault_window,
          aquarium_subvault_bridge], aquarium_window_3, aquarium_window_corner,
          aquarium_window_fake, aquarium_window_fake, aquarium_view_2b,
          aquarium_view_2b, aquarium_balcony_double_4, aquarium_pool_side,
          chequers_serial_rivers_room_b
D:2:      layout_basic, kennysheep_generic_room_3, uniq_sigmund, uniq_jessica
D:3:      layout_basic, chequers_temple_overflow_minitemple,
          kennysheep_generic_room_11, uniq_robin

Skill      XL: |  1  2  3  4  5  6 |
---------------+-------------------+-----
Fighting       | 4 5 6 |  6.1
Maces & Flails | 3 4 |  4.9
Shields        | 4 |  4.5
Armour         | |  3.2
Invocations    | |  0.2

Action                     |  1- 3 |  4- 6 || total
---------------------------+-------+-------++-------
  Melee: Flail             |    81 |    86 ||   167
  Throw: Javelin           |       |     2 ||     2
    Use: Potion            |       |     2 ||     2
 Armour: Scale mail        |    15 |       ||    15
         Chain mail        |    46 |    66 ||   112
  Dodge: Dodged            |    34 |    26 ||    60
  Block: Buckler           |    23 |    38 ||    61

Table legend: (Time is in decaauts)
 A = Elapsed time spent in this place.
 B = Non-inter-level travel time spent in this place.
 C = Inter-level travel time spent in this place.
 D = Time resting spent in this place.
 E = Time spent auto-exploring this place.
 F = Levels seen in this place.
 G = Mean time per level.
                   A        B        C        D        E       F      G
               +--------+--------+--------+--------+--------+-----+--------+
         Total |   2694 |   2626 |     68 |    240 |   1513 |   3 |  898.0 |
       Dungeon |   2694 |   2626 |     68 |    240 |   1513 |   3 |  898.0 |
               +--------+--------+--------+--------+--------+-----+--------+

Top non-repeatable levels by time:
     D:2: 1559 daAuts
     D:1: 802 daAuts
     D:3: 332 daAuts
